 Dungeon Crawl Stone Soup version 0.17-a0-1497-g03599f7 (console) character file.

77 Monkaria the Bolt Thrower (level 4, -7/27 HPs)
             Began as a Kobold Hunter on July 6, 2015.
             Killed from afar by an orc wizard (11 damage)
             ... with a puff of flame
             ... on level 3 of the Dungeon.
             The game lasted 00:04:52 (3047 turns).

Monkaria the Bolt Thrower (Kobold Hunter)           Turns: 3047, Time: 00:04:52

Health: -7/27      AC:  4    Str: 11    XL:     4   Next: 60%
Magic:  4/4        EV: 14    Int:  9    God:
Gold:   62         SH:  0    Dex: 16    Spells: 0 memorised, 3 levels left

rFire  . . .     SeeInvis .     a - +1 hand crossbow
rCold  . . .     Clarity  .     d - +0 leather armour
rNeg   . . .     SustAt   .     (shield restricted)
rPois  .         Gourm    .     (no helmet)
rElec  .         Spirit   .     l - +0 cloak
rCorr  .         Warding  .     (no gloves)
rMut   .         Stasis   .     (no boots)
MR     .....                    (no amulet)
Stlth  ++........               (no ring)
                                (no ring)

@: not resistant to hostile enchantments, unstealthy
A: carnivore 3
a: no special abilities


You were on level 3 of the Dungeon.
You were very full.

You visited 1 branch of the dungeon, and saw 3 of its levels.

You collected 62 gold pieces.

Inventory:

Hand weapons
 a - a +1 hand crossbow (weapon)
 j - a +0 dagger
Missiles
 b - 36 bolts (quivered)
Armour
 d - a +0 leather armour (worn)
 l - a +0 cloak (worn)
Jewellery
 o - an uncursed ring of poison resistance {unknown}
Scrolls
 c - a scroll of enchant weapon {unknown}
 f - a scroll of magic mapping {unknown}
 g - a scroll of enchant armour {unknown}
 h - a scroll of amnesia {unknown}
 i - a scroll of fear {unknown}
 k - 2 scrolls of identify {unknown}
 n - 3 scrolls of remove curse {unknown}
 p - a scroll of blinking {unknown}
Potions
 m - a potion of curing {unknown}
 q - a potion of poison {unknown}
 r - a potion of brilliance {unknown}
 s - a potion of cure mutation {unknown}
 t - a potion of agility {unknown}
Comestibles
 e - 4 meat rations


   Skills:
 + Level 2.8 Fighting
 - Level 4.0 Short Blades
 - Level 5.2 Crossbows
 - Level 2.4 Dodging
 - Level 1.3 Stealth


You had 3 spell levels left.
You didn't know any spells.

Dungeon Overview and Level Annotations

Branches:
Dungeon (3/15)

Altars:
Ashenzari
Fedhas
Okawaru
Qazlal


Innate Abilities, Weirdness & Mutations

You are small and have problems with some larger weapons.
You are carnivorous and can eat meat at any time.


Message History

You are too injured to fight recklessly!
You hit the orc wizard but do no damage.
The orc wizard is severely wounded.
The orc wizard gestures at you while chanting.
The puff of frost hits you!
* * * LOW HITPOINT WARNING * * *
The orc wizard casts a spell at you. The magic dart hits you!
* * * LOW HITPOINT WARNING * * *
Wield which item (- for none, * to show all)? (? for menu, Esc to quit)
a - a +1 hand crossbow (weapon)
Firing (i - inventory):
b - 37 bolts (quivered)
Press: ? - help, Shift-Dir - straight line, f - orc wizard
Aim: an orc wizard, wielding a dagger and wearing a robe (severely wounded, fast)
You shoot a bolt. The bolt hits the orc wizard.
The orc wizard is almost dead.
The orc wizard closely misses you.
The orc wizard points at you and mumbles some strange words.
The puff of flame hits you!
You die...

# ..# #.
###..#####
.##.......(.
...#..#..# #
#..#..#..##
#.###.#..........
?......<..?....#
###.#..........##
###..@.......
.......o......#
#.####.......##
##..$..## ##...##
#.## .# .#


You could see an orc wizard.

Vanquished Creatures
  3 adders (D:2)
  A worm (D:2)
  2 orcs (D:2)
  3 giant cockroaches (D:1)
  7 hobgoblins
  7 jackals
  A quokka (D:2)
  11 bats
  4 goblins
  2 kobolds
  A rat (D:1)
  A plant (D:1)
43 creatures vanquished.

Notes
Turn   | Place    | Note
--------------------------------------------------------------
     0 | D:1      | Monkaria the Kobold Hunter began the quest for the Orb.
     0 | D:1      | Reached XP level 1. HP: 12/12 MP: 1/1
   205 | D:1      | Reached skill level 5 in Crossbows
   289 | D:1      | Reached XP level 2. HP: 8/17 MP: 2/2
   303 | D:1      | Reached skill level 1 in Short Blades
  1138 | D:1      | Reached XP level 3. HP: 21/21 MP: 3/3
  1808 | D:2      | Found a shattered altar of Ashenzari.
  1830 | D:2      | Found a blossoming altar of Fedhas.
  1830 | D:2      | Found a stormy altar of Qazlal.
  1855 | D:2      | Found an iron altar of Okawaru.
  1928 | D:2      | Reached XP level 4. HP: 26/26 MP: 4/4
  3047 | D:3      | Killed from afar by an orc wizard

Vault maps used:
D:1:      dpeg_arrival_tiny_g, serial_bayou_lagoon_b
D:2:      nicolae_overflow_quartered_altars, nicolae_overflow_hidden_temple,
          dk_vineyard_2, serial_bayou_lake_a
D:3:      lemuel_doored_altar, tso_metal_star

Action                   |  1- 3 |  4- 6 || total
-------------------------+-------+-------++-------
Melee: Short sword       |    38 |       ||    38
       Dagger            |   175 |   133 ||   308
 Fire: Hand crossbow     |    11 |     1 ||    12
  Use: Potion            |     1 |       ||     1
 Stab: Sleeping          |     3 |       ||     3
  Eat: Chunk             |    11 |     4 ||    15
